 Dungeon Crawl Stone Soup version 0.28.0-53-g5a82cb258f (webtiles) character file.

Game seed: 14612243831506896075

160 cbfl8 the Chopper (level 5, -3/47 HPs)
             Began as a Minotaur Berserker on July 27, 2022.
             Was a Priest of Trog.
             Killed from afar by an orc wizard (6 damage)
             ... with a magic dart
             ... on level 4 of the Dungeon.
             The game lasted 00:01:53 (2287 turns).

cbfl8 the Chopper (Minotaur Berserker)              Turns: 2287, Time: 00:01:53

Health: -3/47      AC:  6    Str: 22    XL:     5   Next: 17%
Magic:  4/4        EV: 11    Int:  4    God:    Trog [***...]
Gold:   218        SH:  0    Dex: 11    Spells: 4/4 levels left

rFire   . . .      SeeInvis .   a - +0 hand axe
rCold   . . .      Faith    .   (no shield)
rNeg    . . .      Spirit   .   e - +0 ring mail
rPois   .          Reflect  .   (helmet restricted)
rElec   .          Harm     .   (no cloak)
rCorr   .          Rampage  .   k - +0 pair of gloves
Will    .....                   (no boots)
Stlth   +.........              (no amulet)
HPRegen 0.15/turn               (no ring)
MPRegen 0.09/turn               (no ring)

@: on berserk cooldown, slowed, very slow
A: horns 2, retaliatory headbutt
a: Renounce Religion, Berserk, Trog's Hand


You were on level 4 of the Dungeon.
You worshipped Trog.
Trog was most pleased with you.
You visited 1 branch of the dungeon, and saw 4 of its levels.

You collected 218 gold pieces.

Inventory:

Hand Weapons
 a - a +0 hand axe (weapon)
Armour
 b - a +0 animal skin
 e - a +0 ring mail (worn)
 k - a +0 pair of gloves (worn)
Scrolls
 d - 2 scrolls of amnesia {unknown}
 g - 2 scrolls of enchant armour {unknown}
 h - a scroll of fog {unknown}
 j - 2 scrolls of teleportation {unknown}
 l - a scroll of identify {unknown}
 n - a scroll of fear {unknown}
Potions
 c - a potion of resistance {unknown}
 f - a potion of attraction {unknown}
 i - a potion of degeneration {unknown}
 m - a potion of curing {unknown}


   Skills:
 * Level 4.8 Fighting
 + Level 5.2 Axes
 + Level 3.1 Armour
 * Level 3.2 Dodging
 * Level 0.8 Stealth


You had 4 spell levels left.
You didn't know any spells.
Your spell library was empty.

Dungeon Overview and Level Annotations

Branches:
Dungeon (4/15)
 Temple: D:4-7

Altars:
Ashenzari
Hepliaklqana
Sif Muna


Innate Abilities, Weirdness & Mutations

You have a pair of horns on your head.
You reflexively headbutt those who attack you in melee.


Message History

The puff of flame misses you. The endoplasm barely misses you.
The orc wizard points at you and mumbles some strange words.
The magic dart hits you.
You see here a +0 falchion.
You slash the endoplasm!
You kill the endoplasm!
Trog accepts your kill.
You hit the orc wizard.
You feel sick.
The orc wizard hits you but does no damage.
You closely miss the orc wizard. Your punch misses the orc wizard.
The orc wizard is severely wounded.
You feel less confused.
You feel sick.
The orc wizard points at you and mumbles some strange words.
The magic dart hits you.
The orc wizard hits you but does no damage.
Unknown command.
You closely miss the orc wizard.
The orc wizard is severely wounded.
You feel sick.
The orc wizard hits you with a +0 dagger.
* * * LOW HITPOINT WARNING * * *
The orc wizard gestures at you while chanting.
The magic dart hits you but does no damage.
You hit the orc wizard but do no damage.
Your headbutt misses the orc wizard.
The orc wizard is severely wounded.
You feel sick.
You are no longer poisoned.
The orc wizard misses you.
Unknown command.
You hit the orc wizard.
The orc wizard is severely wounded.
You hit the worm.
The orc wizard hits you but does no damage.
The worm bites you!
* * * LOW HITPOINT WARNING * * *
The orc wizard gestures at you while chanting.
The magic dart hits you.
You die...

#........ ##
....... ..
.#...... ...
.#....#..#
.....#..#.
.>.....). #
#.w......
##.#####@o......
#.......))......
#....<..))......
#...............
#...............
####....#.##....
######## ....
... ..


You could see a worm and an orc wizard.

Vanquished Creatures
  2 orc wizards (D:4)
  2 adders
  2 worms
  3 dart slugs
  8 orcs
  3 bats
  3 endoplasms
  6 giant cockroaches
  11 goblins
  4 hobgoblins
  2 jackals (D:1)
  2 quokkas
  7 ball pythons
  5 frilled lizards
  5 kobolds
  6 rats
71 creatures vanquished.

Vanquished Creatures (others)
  4 plants (D:3)
4 creatures vanquished.

Grand Total: 75 creatures vanquished

Notes
Turn   | Place    | Note
-------+----------+-------------------------------------------
     0 | D:1      | cbfl8 the Minotaur Berserker began the quest for the Orb.
     0 | D:1      | Reached XP level 1. HP: 19/19 MP: 0/0
   211 | D:1      | Reached XP level 2. HP: 27/27 MP: 1/1
   234 | D:1      | Reached skill level 4 in Axes
   570 | D:1      | Reached ** piety under Trog
   830 | D:1      | Reached XP level 3. HP: 33/33 MP: 2/2
  1311 | D:2      | Found a shimmering blue altar of Sif Muna.
  1711 | D:3      | Reached XP level 4. HP: 41/41 MP: 3/3
  1862 | D:3      | Found a hazy altar of Hepliaklqana.
  1926 | D:3      | Found a faded altar of an unknown god.
  2043 | D:3      | Found a broken altar of Ashenzari.
  2274 | D:4      | Reached skill level 5 in Axes
  2279 | D:4      | Reached *** piety under Trog
  2281 | D:4      | Reached XP level 5. HP: 46/47 MP: 4/4
  2287 | D:4      | Killed from afar by an orc wizard

Illustrated notes

Levels and vault maps discovered:
D:1:      mrwooster_arrival_statue_2, layout_loops_corners, minmay_bisected
D:2:      layout_rooms, basic_altar
D:3:      layout_rooms, nicolae_hepliaklqana_hazy_memory,
          nicolae_ashenzari_skybound, hellmonk_ecumenical_altar_zigzags
D:4:      layout_cave_pools, grunt_ministairs_14

Skill      XL: |  1  2  3  4 |
---------------+-------------+-----
Axes           | 4 5 |  5.2
Fighting       | 4 |  4.8
Dodging        | 3 |  3.2
Armour         | 3 |  3.1
Stealth        | |  0.8

Action                   |  1- 3 |  4- 6 || total
-------------------------+-------+-------++-------
Melee: Hand axe          |    83 |    47 ||   130
       Headbutt          |    14 |     8 ||    22
       Punch             |     1 |       ||     1
Invok: Berserk           |       |     2 ||     2
Armor: Animal skin       |     2 |       ||     2
       Ring mail         |    25 |    14 ||    39
Dodge: Dodged            |    50 |    23 ||    73
